 Dungeon Crawl Stone Soup version 0.30-a0-223-gcb0039aa0c (webtiles) character file.

Game seed: 17880214208558053809

8219 qw the Cleaver (level 11, -3/71 HPs)
             Began as a Gargoyle Fighter on Oct 9, 2022.
             Was an Elder of Okawaru.
             Killed from afar by Erica (24 damage)
             ... with a lance of force
             ... on level 10 of the Dungeon.
             The game lasted 00:04:15 (9465 turns).

qw the Cleaver (Gargoyle Fighter)                   Turns: 9465, Time: 00:04:16

Health: -3/71      AC: 33    Str: 27    XL:     11   Next: 27%
Magic:  12/14      EV: 12    Int: 10    God:    Okawaru [****..]
Gold:   683        SH:  7    Dex: 15    Spells: 10/10 levels left

rFire   . . .      SeeInvis .    Y - +2 war axe (protect)
rCold   . . .      Faith    .    c - +0 buckler
rNeg    + . .      Spirit   .    n - +0 chain mail of Rurgho Zuosch {Str+2 Int-4 Slay+5}
rPois   inf        Reflect  .    o - +1 helmet
rElec   +          Harm     .    (no cloak)
rCorr   .          Rampage  .    h - +1 pair of gloves
Will    .....                    u - +0 pair of boots
Stlth   ..........               (no amulet)
HPRegen 0.31/turn                g - +6 ring of dexterity
MPRegen 0.14/turn                b - +6 ring of intelligence

@: heroic, under a protective aura
A: sickness immunity, AC +8, negative energy resistance 1, electricity
resistance, torment resistance 1, petrification resistance
a: Renounce Religion, Heroism, Finesse


You were on level 10 of the Dungeon.
You worshipped Okawaru.
Okawaru was greatly pleased with you.
You visited 2 branches of the dungeon, and saw 11 of its levels.
You also visited: Ossuary.

You collected 832 gold pieces.
You spent 149 gold pieces at shops.


Innate Abilities, Weirdness & Mutations

You are immune to sickness and miasma.
Your stone body is resilient. (AC +8)
You are immune to poison.
You resist negative energy. (rN+)
You are resistant to electric shocks. (rElec)
You are resistant to unholy torment.
You are immune to petrification.


   Skills:
 - Level 9.5(14.5) Fighting
 + Level 11.0(16.0) Axes
 - Level 1.3(6.3) Throwing
 - Level 7.0(12.0) Armour
 - Level 3.4(8.4) Dodging
 - Level 5.9(10.9) Shields
 + Level 4.1 Invocations


You had 10 spell levels left.
You didn't know any spells.
Your spell library was empty.

Inventory:

Hand Weapons
 e - a +0 morningstar
 Y - a +2 war axe of protection (weapon)
Armour
 c - a +0 buckler (worn)
 h - a +1 pair of gloves (worn)
 n - the +0 chain mail of Rurgho Zuosch (worn) {Str+2 Int-4 Slay+5}
   (You found it on level 7 of the Dungeon)

   Str:       It affects your strength (+2).
   Int:       It affects your intelligence (-4).
   Slay:      It affects your accuracy & damage with ranged weapons and melee
   (+5).
 o - a +1 helmet (worn)
 u - a +0 pair of boots (worn)
Jewellery
 b - a +6 ring of intelligence (right hand)
 g - a +6 ring of dexterity (left hand)
 j - a ring of see invisible
 t - a ring of ice
 w - an amulet of guardian spirit
Wands
 p - a wand of digging (2)
Scrolls
 k - 8 scrolls of identify
 s - 4 scrolls of teleportation
Potions
 a - a potion of lignification
 d - 4 potions of might
 f - 3 potions of cancellation
 i - 3 potions of attraction
 l - 2 potions of curing
 m - 2 potions of heal wounds
 q - 2 potions of resistance
 r - a potion of magic
 v - a potion of mutation {unknown}
 x - a potion of degeneration {unknown}

Dungeon Overview and Level Annotations

Branches:
Dungeon (10/15)            Temple (1/1) D:7         Ossuary (visited)
   Lair: D:8-11         Orc: D:9-12

Altars:
Ashenzari
Cheibriados
Dithmenos
Elyvilon
Fedhas
Gozag
Hepliaklqana
Kikubaaqudgha
Makhleb
Nemelex Xobeh
Okawaru
Qazlal
Ru
Sif Muna
Trog
Uskayaw
Vehumet
Wu Jian
Xom
Yredelemnul
Zin
The Shining One

Shops:
D:2 :?[=(   D:6 [

Portals:
Bailey: D:10

Annotations:
D:3 3 runed translucent doors, qw's ghost, amateur GrFi
D:7 1 runed translucent door, Crazy Yiuf
D:10 Erica


Message History

You block the gnoll's attack.
The death yak gores you but does no damage.
The yak barely misses you. Something hits you but does no damage.
You barely miss the death yak.
The death yak is almost dead.
You slash the death yak! You barely miss the yak. You slash something!
The death yak gores you but does no damage.
The gnoll sergeant hits you but does no damage.
The gnoll hits you but does no damage. Something hits you but does no damage.
The death yak gores you but does no damage.
The yak closely misses you.
You slash the death yak!
The death yak is almost dead.
You hit the death yak. You hit the yak but do no damage. You hit something.
You hit the death yak but do no damage.
The death yak is almost dead.
You hit the death yak. You hit the yak. You slash something!
The death yak gores you but does no damage.
The gnoll sergeant hits you but does no damage.
The gnoll hits you but does no damage. The death yak closely misses you.
The yak gores you but does no damage. Something barely misses you.
You barely miss the death yak.
The death yak is almost dead.
You slash something! You hit the death yak. You hit the yak.
The death yak gores you but does no damage.
You block the gnoll sergeant's attack. You block the gnoll's attack.
You hear some strange, mumbled words.
You are confused.
The death yak gores you but does no damage.
The yak gores you but does no damage.
9465 ||| DRINKING 3 potions of curing.
You feel better.
9465 ||| (to cure confusion)
The death yak snorts and paws the ground.
The death yak gores you. The gnoll sergeant closely misses you.
The gnoll closely misses you. The death yak gores you!
The yak gores you but does no damage.
You hear some strange, mumbled words.
A lance of force appears from out of thin air!
The lance of force hits you!!
You die...

##....................#.
......................##
......................#
......##.........>....#
#.....#...........
##..........#.....
#...........###.?.
#.....^##.........
.......#.@Y......
##.##....{YY......
#..#.....#ggg.##..
##.........Y...# .
#.........!.##....#
###......##........#.
..............##......
...........).......... .
#.........)\).......Y. .


You could see 2 death yaks, 2 yaks, a gnoll sergeant and 2 gnolls.

Vanquished Creatures
  Erolcha (D:9)
  A two-headed ogre (D:10)
  A death yak (D:10)
  Nergalle (D:10)
  Joseph (D:8)
  A gargoyle (D:8)
  2 komodo dragons (D:10)
  2 trolls
  A shadow (D:7)
  A wyvern (D:8)
  A yak (D:10)
  A steam dragon (D:8)
  Eustachio (D:4)
  Menkaure (D:7)
  3 water moccasins
  Duvessa (D:7)
  An orc warrior (D:8)
  A black bear (D:5)
  3 ice beasts
  A sky beast (D:8)
  3 kobold brigands
  3 bullfrogs
  A gnoll sergeant (D:8)
  6 necrophages
  4 scorpions
  Dowan (D:7)
  3 killer bees (D:9)
  5 howler monkeys
  4 hounds
  3 jellies
  5 orc priests
  5 iguanas
  Ijyb (D:5)
  7 orc wizards
  Robin (D:4)
  13 mummies (Ossuary)
  7 gnolls
  6 adders
  A shadow imp (D:5)
  A white imp (D:7)
  An ufetubus (D:5)
  A worm (D:4)
  5 dart slugs
  38 orcs
  5 endoplasms
  2 giant cockroaches
  23 goblins
  11 hobgoblins
  16 kobolds
  4 quokkas
  A ball python (D:4)
  8 bats
  3 frilled lizards
  2 gnoll skeletons (Ossuary)
  A goblin skeleton (Ossuary)
  4 kobold skeletons (Ossuary)
  An orc skeleton (Ossuary)
  4 rats
  11 rat skeletons (Ossuary)
247 creatures vanquished.

Notes
Turn   | Place    | Note
-------+----------+-------------------------------------------
     0 | D:1      | qw the Gargoyle Fighter began the quest for the Orb.
     0 | D:1      | Reached XP level 1. HP: 14/14 MP: 1/1
     0 | D:1      | 0 ||| qw: Version: 0.2-a-17-g06abaee
     0 | D:1      | 0 ||| qw: Game counter: 2146
     0 | D:1      | 0 ||| qw: Always use a shield: true
     0 | D:1      | 0 ||| qw: God list: Okawaru
     0 | D:1      | 0 ||| qw: Allow faded altars: false
     0 | D:1      | 0 ||| qw: Do Orc after D:15 true
     0 | D:1      | 0 ||| qw: Do second Lair branch before Depths: true
     0 | D:1      | 0 ||| qw: Lair rune preference: random
     0 | D:1      | 0 ||| qw: Plans: Normal, Zot:1-4, God:TSO, Crypt, Tomb,
                  | Pan, Slime:5, Hells, Abyss, Orb
     0 | D:1      | 0 ||| PLANNING D:1-11
    49 | D:1      | 49 ||| Stepping ~*~*~tactically~*~*~ (hiding).
    51 | D:1      | Reached skill level 2 in Axes
    94 | D:1      | Reached XP level 2. HP: 19/19 MP: 2/2
   154 | D:1      | 154 ||| Stepping ~*~*~tactically~*~*~ (stealth).
   299 | D:1      | 299 ||| DROPPING +0 club.
   308 | D:1      | 308 ||| Stepping ~*~*~tactically~*~*~ (stealth).
   309 | D:1      | 309 ||| Stepping ~*~*~tactically~*~*~ (stealth).
   344 | D:1      | Reached skill level 3 in Axes
   475 | D:1      | Reached XP level 3. HP: 23/23 MP: 3/3
   485 | D:1      | 485 ||| Stepping ~*~*~tactically~*~*~ (stealth).
   487 | D:1      | 487 ||| Stepping ~*~*~tactically~*~*~ (stealth).
   558 | D:1      | 558 ||| Stepping ~*~*~tactically~*~*~ (hiding).
   891 | D:1      | 891 ||| READING scroll labelled ILAMAA JAYBUI.
   996 | D:2      | Found an opulent altar of Gozag.
  1023 | D:2      | Found Wimief Menuy's Armour Shoppe.
  1040 | D:2      | 1040 ||| BUYING +0 chain mail (45 gold).
  1040 | D:2      | Bought a +0 chain mail for 45 gold pieces
  1040 | D:2      | 1040 ||| SHOPLISTING +0 helmet (45 gold, have 30).
  1040 | D:2      | 1040 ||| SHOPLISTING +0 pair of boots (45 gold, have 30).
  1040 | D:2      | 1040 ||| SHOPLISTING +0 pair of gloves (45 gold, have 30).
  1040 | D:2      | 1040 ||| SHOPLISTING +4 plate armour (450 gold, have 30).
  1070 | D:2      | Found Vochinou's Jewellery Boutique.
  1076 | D:2      | 1076 ||| SHOPLISTING +4 ring of slaying (858 gold, have
                  | 30).
  1076 | D:2      | 1076 ||| SHOPLISTING amulet of False Hope {Reflect rPois
                  | Int+6 SH+5} (591 gold, have 30).
  1076 | D:2      | 1076 ||| SHOPLISTING amulet of guardian spirit (330 gold,
                  | have 30).
  1076 | D:2      | 1076 ||| SHOPLISTING amulet of the acrobat (330 gold, have
                  | 30).
  1076 | D:2      | 1076 ||| SHOPLISTING ring of positive energy (220 gold,
                  | have 30).
  1076 | D:2      | 1076 ||| SHOPLISTING ring of willpower (275 gold, have 30).
  1280 | D:2      | Found Efutoul's Antique Weapon Shoppe.
  1288 | D:2      | 1288 ||| Stepping ~*~*~tactically~*~*~ (stealth).
  1303 | D:2      | 1303 ||| SHOPLISTING glowing mace (174 gold, have 41).
  1662 | D:2      | Reached XP level 4. HP: 28/28 MP: 4/4
  1731 | D:2      | Found Memounloef's Book Boutique.
  1736 | D:2      | 1736 ||| Stepping ~*~*~tactically~*~*~ (hiding).
  1772 | D:2      | Reached skill level 4 in Axes
  1853 | D:2      | Found Begulala's Magic Scroll Shoppe.
  1872 | D:2      | 1872 ||| BUYING scroll of identify (26 gold).
  1872 | D:2      | Bought a scroll of identify for 26 gold pieces
  1872 | D:2      | 1872 ||| BUYING scroll of identify (26 gold).
  1872 | D:2      | Bought a scroll of identify for 26 gold pieces
  1872 | D:2      | 1872 ||| BUYING scroll of identify (26 gold).
  1872 | D:2      | Bought a scroll of identify for 26 gold pieces
  1872 | D:2      | 1872 ||| BUYING scroll of identify (26 gold).
  1872 | D:2      | Bought a scroll of identify for 26 gold pieces
  1872 | D:2      | 1872 ||| SHOPLISTING scroll of teleportation (39 gold, have
                  | 20).
  2008 | D:2      | Found a faded altar of an unknown god.
  2053 | D:2      | 2053 ||| Stepping ~*~*~tactically~*~*~ (stealth).
  2054 | D:2      | 2054 ||| Stepping ~*~*~tactically~*~*~ (stealth).
  2056 | D:2      | 2056 ||| Stepping ~*~*~tactically~*~*~ (stealth).
  2098 | D:2      | 2098 ||| UPGRADING to +0 chain mail.
  2108 | D:2      | 2108 ||| DROPPING +0 scale mail.
  2109 | D:2      | 2109 ||| UPGRADING to +0 plate armour.
  2119 | D:2      | 2119 ||| DROPPING +0 chain mail.
  2120 | D:2      | 2120 ||| READING scroll labelled DUISOFOXKO.
  2121 | D:2      | 2121 ||| DRINKING 2 silvery potions.
  2122 | D:2      | 2122 ||| READING 4 scrolls of identify.
  2122 | D:2      | 2122 ||| IDENTIFYING fizzy black potion
  2123 | D:2      | 2123 ||| READING 3 scrolls of identify.
  2123 | D:2      | 2123 ||| IDENTIFYING red potion
  2124 | D:2      | 2124 ||| READING 2 scrolls of identify.
  2124 | D:2      | 2124 ||| IDENTIFYING ruby potion
  2182 | D:3      | HP: 7/28 [gnoll/+0 flail (8)]
  2183 | D:3      | 2183 ||| DRINKING potion of heal wounds.
  2190 | D:3      | HP: 6/28 [gnoll/+0 halberd (3)]
  2198 | D:3      | Reached XP level 5. HP: 10/32 MP: 5/5
  2288 | D:3      | 2288 ||| DROPPING +0 whip.
  2385 | D:3      | Found a runed translucent gate.
  2385 | D:3      | Found a runed translucent gate.
  2386 | D:3      | Found a runed translucent gate.
  2388 | D:3      | Found an opulent altar of Gozag.
  2395 | D:3      | Noticed qw's ghost (amateur GrFi)
  2395 | D:3      | Noticed a steam dragon
  2396 | D:3      | Found an ancient bone altar of Kikubaaqudgha.
  2411 | D:3      | Found a shimmering blue altar of Sif Muna.
  2434 | D:3      | Found a radiant altar of Vehumet.
  2435 | D:3      | Found a glowing silver altar of Zin.
  2707 | D:3      | Found a blossoming altar of Fedhas.
  2881 | D:3      | 2881 ||| DROPPING amulet of magic regeneration.
  2882 | D:3      | 2882 ||| READING scroll labelled TUTZOD ZOIFRY.
  2883 | D:3      | 2883 ||| READING scroll labelled KEF ULEUNT.
  2884 | D:3      | 2884 ||| READING scroll labelled SENLIY LADGHOLU.
  2994 | D:4      | 2994 ||| DRINKING 3 potions of curing.
  2994 | D:4      | 2994 ||| (to cure confusion)
  3001 | D:4      | Noticed Robin
  3006 | D:4      | Reached skill level 5 in Axes
  3013 | D:4      | Killed Robin
  3101 | D:4      | 3101 ||| Stepping ~*~*~tactically~*~*~ (hiding).
  3108 | D:4      | Noticed Eustachio
  3110 | D:4      | Reached XP level 6. HP: 37/38 MP: 6/6
  3137 | D:4      | 3137 ||| FLEEEEING.
  3138 | D:4      | 3138 ||| FLEEEEING.
  3139 | D:4      | 3139 ||| FLEEEEING.
  3151 | D:4      | 3151 ||| FLEEEEING.
  3152 | D:4      | 3152 ||| FLEEEEING.
  3153 | D:4      | 3153 ||| STAIRDANCE
  3197 | D:3      | 3197 ||| Stepping ~*~*~tactically~*~*~ (stealth).
  3198 | D:3      | 3198 ||| Stepping ~*~*~tactically~*~*~ (stealth).
  3228 | D:3      | 3228 ||| UPGRADING to +0 helmet.
  3345 | D:4      | Killed Eustachio
  3346 | D:4      | Reached skill level 6 in Axes
  3485 | D:4      | Reached XP level 7. HP: 42/43 MP: 7/7
  3601 | D:4      | Found a shadowy altar of Dithmenos.
  3628 | D:4      | Found a basalt altar of Yredelemnul.
  4042 | D:4      | 4042 ||| UPGRADING to +6 ring of dexterity.
  4043 | D:4      | 4043 ||| READING scroll labelled CAFARPHI KURE.
  4064 | D:5      | Entered Level 5 of the Dungeon
  4090 | D:5      | Reached skill level 1 in Dodging
  4170 | D:5      | 4170 ||| Stepping ~*~*~tactically~*~*~ (stealth).
  4176 | D:5      | 4176 ||| Stepping ~*~*~tactically~*~*~ (stealth).
  4364 | D:5      | 4364 ||| Stepping ~*~*~tactically~*~*~ (hiding).
  4374 | D:5      | Reached skill level 7 in Axes
  4402 | D:5      | Noticed Ijyb
  4415 | D:5      | Paralysed by Ijyb for 4 turns
  4419 | D:5      | Killed Ijyb
  4420 | D:5      | Reached XP level 8. HP: 48/48 MP: 8/8
  4470 | D:5      | 4470 ||| Stepping ~*~*~tactically~*~*~ (stealth).
  4471 | D:5      | 4471 ||| Stepping ~*~*~tactically~*~*~ (stealth).
  4487 | D:5      | 4487 ||| Stepping ~*~*~tactically~*~*~ (stealth).
  4513 | D:5      | 4513 ||| Stepping ~*~*~tactically~*~*~ (stealth).
  4712 | D:5      | 4712 ||| DROPPING ring of flight.
  4713 | D:5      | 4713 ||| READING scroll labelled QASED DYOTOIC.
  4714 | D:5      | 4714 ||| DRINKING 2 yellow potions.
  4715 | D:5      | 4715 ||| READING 4 scrolls of identify.
  4715 | D:5      | 4715 ||| IDENTIFYING metallic pink potion
  4716 | D:5      | 4716 ||| DROPPING potion of berserk rage.
  4717 | D:5      | 4717 ||| DROPPING potion of magic.
  4828 | D:6      | Found a stormy altar of Qazlal.
  4857 | D:6      | Reached skill level 1 in Throwing
  4861 | D:6      | 4861 ||| Stepping ~*~*~tactically~*~*~ (stealth).
  4862 | D:6      | 4862 ||| Stepping ~*~*~tactically~*~*~ (stealth).
  4878 | D:6      | 4878 ||| Stepping ~*~*~tactically~*~*~ (hiding).
  4879 | D:6      | 4879 ||| Stepping ~*~*~tactically~*~*~ (hiding).
  5007 | D:6      | Found Ydivu's Antique Armour Emporium.
  5134 | D:6      | Reached skill level 8 in Axes
  5277 | D:6      | 5277 ||| Stepping ~*~*~tactically~*~*~ (stealth).
  5278 | D:6      | 5278 ||| Stepping ~*~*~tactically~*~*~ (stealth).
  5342 | D:6      | 5342 ||| FLEEEEING.
  5343 | D:6      | 5343 ||| FLEEEEING.
  5344 | D:6      | 5344 ||| FLEEEEING.
  5345 | D:6      | 5345 ||| FLEEEEING.
  5346 | D:6      | 5346 ||| FLEEEEING.
  5347 | D:6      | 5347 ||| FLEEEEING.
  5348 | D:6      | 5348 ||| FLEEEEING.
  5349 | D:6      | 5349 ||| FLEEEEING.
  5350 | D:6      | 5350 ||| FLEEEEING.
  5357 | D:6      | 5357 ||| Stepping ~*~*~tactically~*~*~ (hiding).
  5569 | D:6      | HP: 12/50 [ice beast (7)]
  5570 | D:6      | 5570 ||| READING scroll of teleportation.
  5571 | D:6      | 5571 ||| DRINKING potion of heal wounds.
  5573 | D:6      | Reached skill level 6 in Fighting
  5944 | D:6      | Found a hide-covered altar of Uskayaw.
  5965 | D:6      | Reached XP level 9. HP: 55/55 MP: 9/9
  5972 | D:6      | 5972 ||| READING 3 scrolls labelled LUOKIN HINLAI.
  5973 | D:6      | 5973 ||| DRINKING 2 sedimented ruby potions.
  5974 | D:6      | 5974 ||| DROPPING potion of brilliance.
  5975 | D:6      | 5975 ||| DROPPING 2 scrolls of fear.
  6261 | D:7      | 6261 ||| PLANNING OSSUARY
  6272 | D:7      | Found a sand-covered staircase.
  6273 | D:7      | 6273 ||| UPGRADING to +0 pair of gloves.
  6284 | Ossuary  | Entered an ossuary
  6442 | Ossuary  | 6442 ||| READING scroll of enchant weapon.
  6442 | Ossuary  | 6442 ||| ENCHANTING +1 war axe of protection.
  6450 | Ossuary  | Reached skill level 9 in Axes
  6661 | Ossuary  | 6661 ||| READING 3 scrolls labelled WOSAUR HULU.
  6662 | Ossuary  | 6662 ||| DRINKING 2 murky white potions.
  6663 | Ossuary  | 6663 ||| READING 8 scrolls of identify.
  6663 | Ossuary  | 6663 ||| IDENTIFYING puce potion
  6664 | Ossuary  | 6664 ||| DROPPING potion of flight.
  6665 | Ossuary  | 6665 ||| DROPPING 2 scrolls of immolation.
  6677 | D:7      | 6677 ||| PLANNING D:1-11
  6694 | D:7      | 6694 ||| Stepping ~*~*~tactically~*~*~ (stealth).
  6738 | D:7      | Found a staircase to the Ecumenical Temple.
  6739 | D:7      | 6739 ||| PLANNING TEMPLE
  6739 | D:7      | 6739 ||| READING scroll labelled NORUWUOLIFU.
  6745 | Temple   | Entered the Ecumenical Temple
  6839 | Temple   | 6839 ||| PLANNING OKAWARU WORSHIP
  6904 | Temple   | Became a worshipper of Warmaster Okawaru
  6905 | Temple   | 6905 ||| PLANNING D:1-11
  6960 | D:7      | Identified the +0 chain mail of Rurgho Zuosch {Str+2 Int-4
                  | Slay+5}
  6988 | D:7      | Noticed Dowan
  6988 | D:7      | Noticed Duvessa
  6989 | D:7      | 6989 ||| Stepping ~*~*~tactically~*~*~ (hiding).
  6992 | D:7      | Noticed Menkaure
  7002 | D:7      | Killed Menkaure
  7005 | D:7      | Killed Dowan
  7006 | D:7      | HP: 9/55 [Duvessa/+0 rapier (13)]
  7007 | D:7      | 7007 ||| READING scroll of teleportation.
  7007 | D:7      | HP: 2/55 [Duvessa/+0 rapier (7)]
  7008 | D:7      | 7008 ||| DRINKING 3 potions of heal wounds.
  7011 | D:7      | Killed Duvessa
  7012 | D:7      | Reached skill level 6 in Armour
  7177 | D:7      | Reached * piety under Okawaru
  7286 | D:7      | Reached skill level 1 in Invocations
  7309 | D:7      | Found a runed translucent door.
  7310 | D:7      | Noticed Crazy Yiuf
  7503 | D:7      | 7503 ||| UPGRADING to +0 chain mail of Rurgho Zuosch {Str+2
                  | Int-4 Slay+5}.
  7513 | D:7      | 7513 ||| DROPPING +0 plate armour.
  7514 | D:7      | 7514 ||| UPGRADING to +1 helmet.
  7524 | D:7      | 7524 ||| DROPPING +0 helmet.
  7525 | D:7      | 7525 ||| UPGRADING to +0 pair of boots.
  7530 | D:7      | 7530 ||| DROPPING ring of magical power.
  7531 | D:7      | 7531 ||| READING 7 scrolls of identify.
  7531 | D:7      | 7531 ||| IDENTIFYING green potion
  7545 | D:8      | 7545 ||| STAIRDANCE
  7592 | D:8      | 7592 ||| INVOKING Heroism.
  7612 | D:8      | 7612 ||| DROPPING +0 flail.
  7632 | D:8      | 7632 ||| INVOKING Heroism.
  7668 | D:8      | Noticed Joseph
  7670 | D:8      | 7670 ||| Stepping ~*~*~tactically~*~*~ (hiding).
  7672 | D:8      | 7672 ||| Stepping ~*~*~tactically~*~*~ (hiding).
  7680 | D:8      | Killed Joseph
  7681 | D:8      | Reached skill level 3 in Invocations
  7793 | D:8      | 7793 ||| DROPPING +2 war axe of venom.
  7803 | D:8      | Reached XP level 10. HP: 63/63 MP: 12/12
  7823 | D:8      | Found a sacrificial altar of Ru.
  7823 | D:8      | Found an opulent altar of Gozag.
  7823 | D:8      | Noticed a boulder beetle
  7824 | D:8      | 7824 ||| Stepping ~*~*~tactically~*~*~ (stealth).
  7826 | D:8      | Found a shimmering altar of Xom.
  7849 | D:8      | 7849 ||| Stepping ~*~*~tactically~*~*~ (stealth).
  7851 | D:8      | 7851 ||| Stepping ~*~*~tactically~*~*~ (hiding).
  7853 | D:8      | 7853 ||| Stepping ~*~*~tactically~*~*~ (hiding).
  7884 | D:8      | 7884 ||| Stepping ~*~*~tactically~*~*~ (stealth).
  7885 | D:8      | 7885 ||| Stepping ~*~*~tactically~*~*~ (stealth).
  7927 | D:8      | Noticed a gargoyle
  7928 | D:8      | 7928 ||| FLEEEEING.
  8005 | D:8      | Killed a gargoyle
  8006 | D:8      | Reached skill level 10 in Axes
  8131 | D:8      | 8131 ||| Stepping ~*~*~tactically~*~*~ (stealth).
  8144 | D:8      | Reached ** piety under Okawaru
  8147 | D:8      | 8147 ||| Stepping ~*~*~tactically~*~*~ (stealth).
  8148 | D:8      | 8148 ||| INVOKING Heroism.
  8177 | D:8      | 8177 ||| Stepping ~*~*~tactically~*~*~ (stealth).
  8180 | D:8      | 8180 ||| Stepping ~*~*~tactically~*~*~ (stealth).
  8181 | D:8      | 8181 ||| Stepping ~*~*~tactically~*~*~ (stealth).
  8182 | D:8      | 8182 ||| Stepping ~*~*~tactically~*~*~ (stealth).
  8201 | D:8      | 8201 ||| Stepping ~*~*~tactically~*~*~ (hiding).
  8354 | D:8      | Found an ornate altar of the Wu Jian Council.
  8357 | D:8      | 8357 ||| READING scroll labelled PYANEJUNASCH.
  8358 | D:8      | 8358 ||| READING scroll labelled PIMOCW YROTAM.
  8361 | D:8      | 8361 ||| FLEEEEING.
  8365 | D:8      | 8365 ||| FLEEEEING.
  8366 | D:8      | 8366 ||| FLEEEEING.
  8367 | D:8      | 8367 ||| FLEEEEING.
  8368 | D:8      | 8368 ||| FLEEEEING.
  8370 | D:8      | 8370 ||| STAIRDANCE
  8473 | D:8      | 8473 ||| Stepping ~*~*~tactically~*~*~ (stealth).
  8571 | D:9      | Noticed Erolcha
  8572 | D:9      | 8572 ||| Stepping ~*~*~tactically~*~*~ (hiding).
  8573 | D:9      | 8573 ||| INVOKING Heroism.
  8578 | D:9      | Killed Erolcha
  8604 | D:9      | 8604 ||| INVOKING Heroism.
  8745 | D:9      | 8745 ||| READING scroll of enchant armour.
  8745 | D:9      | 8745 ||| ENCHANTING +0 pair of gloves.
  8810 | D:9      | 8810 ||| Stepping ~*~*~tactically~*~*~ (stealth).
  8817 | D:9      | Reached *** piety under Okawaru
  8937 | D:9      | 8937 ||| UPGRADING to +6 ring of intelligence.
  8944 | D:8      | Found a hide-covered altar of Uskayaw.
  8944 | D:8      | Found a broken altar of Ashenzari.
  9062 | D:9      | 9062 ||| READING scroll labelled HAZ MIEGOU.
  9075 | D:10     | Entered Level 10 of the Dungeon
  9161 | D:10     | 9161 ||| INVOKING Heroism.
  9172 | D:10     | Reached skill level 11 in Axes
  9269 | D:10     | 9269 ||| INVOKING Heroism.
  9286 | D:10     | 9286 ||| INVOKING Heroism.
  9291 | D:10     | Reached skill level 3 in Dodging
  9294 | D:10     | Noticed Nergalle
  9306 | D:10     | Killed Nergalle
  9307 | D:10     | Reached XP level 11. HP: 55/69 MP: 14/14
  9380 | D:10     | Noticed a two-headed ogre
  9381 | D:10     | 9381 ||| INVOKING Heroism.
  9385 | D:10     | Killed a two-headed ogre
  9385 | D:10     | Reached **** piety under Okawaru
  9386 | D:10     | Reached skill level 9 in Fighting
  9417 | D:10     | Found a flagged portal.
  9433 | D:10     | Noticed a death yak
  9434 | D:10     | 9434 ||| INVOKING Heroism.
  9437 | D:10     | Noticed Erica
  9438 | D:10     | 9438 ||| Stepping ~*~*~tactically~*~*~ (hiding).
  9439 | D:10     | 9439 ||| Stepping ~*~*~tactically~*~*~ (hiding).
  9439 | D:10     | Noticed a death yak
  9439 | D:10     | Noticed a death yak
  9449 | D:10     | Killed a death yak
  9457 | D:10     | 9457 ||| INVOKING Heroism.
  9465 | D:10     | 9465 ||| DRINKING 3 potions of curing.
  9465 | D:10     | 9465 ||| (to cure confusion)
  9465 | D:10     | Killed from afar by Erica

Levels and vault maps discovered:
D:1:      psy_arrival_terrarium, layout_loops_ring
D:2:      layout_loops_cross, shapermc_ecumenical_altar_mp_vishouse,
          serial_co_window_serial, co_window_paths_a, co_window_corner_a,
          co_window_of_opportunity_a, co_window_paths_a, co_window_paths_b,
          co_window_of_opportunity_a, co_window_paths_b, co_window_corner_a,
          co_window_paths_a, co_window_corner_cb, co_window_corner_ca,
          co_window_corner_b, co_window_broadway_b, co_window_corner_b,
          co_window_2corner, co_window_paths_e, glass_columns_a,
          glass_columns_a, glass_columns_a, glass_columns_a, glass_columns_a,
          basic_altar, serial_shops, nicolae_square_shop, shop_coins, shop,
          nicolae_shop_temple_entry_statues_fountains, nicolae_shop_stone,
          minmay_goblin_outpost
D:3:      layout_rooms, lemuel_coloured_pillars_altar,
          grunt_temple_overflow_open, ebering_ghost_gozag,
          guppyfry_early_orc_mine
D:4:      layout_basic, lemuel_crystal_altar,
          nicolae_dithmenos_through_a_glass_darkly, uniq_eustachio, uniq_robin
D:5:      layout_cave_pools, uniq_ijyb
D:6:      cheibrodos_thug_alley, layout_loops_ring, lemuel_round_altar,
          serial_shops, kennysheep_mini, kennysheep_small_circle
D:7:      layout_cave_pools, minmay_temple_entry_mini_moons,
          lightli_ossuary_entry_decrepit_ruins, uniq_duvessa,
          uniq_crazy_yiuf_cottage, uniq_menkaure
D:8:      minmay_bubble_buster, layout_cave_pools,
          nicolae_overflow_hidden_temple, nicolae_wu_jian_immortal_techniques,
          uniq_joseph
D:9:      layout_cave_pools, serial_glass, glass_columns_a, glass_columns_b,
          minmay_strange_pillars, due_unseen_surprise, item_on_display_a,
          uniq_erolcha
D:10:     layout_cave_pools, dpeg_lair_monsters, enter_bailey_2, uniq_nergalle,
          uniq_erica, uniq_gastronok
Temple:   hellmonk_temple_flake

Skill      XL: |  1  2  3  4  5  6  7  8  9 10 11 |
---------------+----------------------------------+-----
Axes           | 2 3 4 5 6 7 8 9 11 | 11.0
Fighting       | 4 6 7 8 9 |  9.5
Armour         | 4 5 6 7 |  7.0
Dodging        | 1 2 3 |  3.4
Throwing       | 1 |  1.3
Shields        | 4 5 |  5.9
Invocations    | 3 4 |  4.1

Action                   |  1- 3 |  4- 6 |  7- 9 | 10-12 || total
-------------------------+-------+-------+-------+-------++-------
Melee: War axe           |   100 |   166 |   398 |   142 ||   806
Throw: Boomerang         |       |       |    15 |       ||    15
Invok: Heroism           |       |       |     2 |     9 ||    11
  Use: Scroll            |     1 |     7 |    11 |     4 ||    23
       Potion            |       |     3 |     5 |     1 ||     9
Armor: Scale mail        |    60 |    12 |       |       ||    72
       Plate armour      |       |   143 |   189 |       ||   332
       Chain mail        |       |       |     8 |    72 ||    80
Dodge: Dodged            |    42 |    62 |   105 |    54 ||   263
Block: Buckler           |    18 |    34 |    71 |    31 ||   154

Table legend:
 A = Non-vault XP
 B = Vault XP
 C = Vault XP percentage of total XP
 D = Non-vault monster count
 E = Vault monster count
 F = Vault count percentage of total count
                 A         B        C        D         E       F
            +---------+---------+-------+---------+---------+-------
      Total |    6358 |    5384 |  45.9 |     160 |      87 |  35.2
            +---------+---------+-------+---------+---------+-------
        D:1 |      50 |       0 |   0.0 |      25 |       0 |   0.0
        D:2 |      52 |      16 |  23.5 |      11 |       8 |  42.1
        D:3 |      69 |      17 |  19.8 |      16 |       7 |  30.4
        D:4 |     330 |     217 |  39.7 |      17 |       9 |  34.6
        D:5 |     540 |      36 |   6.2 |      22 |       1 |   4.3
        D:6 |     891 |     157 |  15.0 |      18 |      12 |  40.0
        D:7 |     820 |     327 |  28.5 |      12 |       3 |  20.0
        D:8 |     761 |    1722 |  69.4 |      22 |      11 |  33.3
        D:9 |     934 |     857 |  47.9 |      12 |       1 |   7.7
       D:10 |    1911 |    1775 |  48.2 |       5 |       3 |  37.5
    Ossuary |       0 |     260 | 100.0 |       0 |      32 | 100.0
            +---------+---------+-------+---------+---------+-------
